 Dungeon Crawl Stone Soup version 0.31-a0-879-g1609e0ac53 (webtiles) character file.

Game seed: 549301399646293891

1989 Warped the Grappler (level 9, -11/47 HPs)
             Began as a Vine Stalker Fighter on Oct 15, 2023.
             Was a Follower of Cheibriados.
             Mangled by Duvessa
             ... wielding a +4 short sword of electrocution
              (16 damage)
             ... on level 7 of the Dungeon.
             The game lasted 00:09:25 (4896 turns).

Warped the Grappler (Vine Stalker Fighter)          Turns: 4896, Time: 00:09:25

Health: -11/47     AC: 13    Str: 24    XL:     9   Next: 21%
Magic:  0/12       EV: 10    Int: 11    God:    Cheibriados [*.....]
Gold:   250        SH:  6    Dex: 19    Spells: 5/8 levels left

rFire   . .          .
                       - Unarmed
rCold   . . .        i - +0 buckler
rNeg    . . .        A - +0 chain mail
rPois   .            (no helmet)
rElec   .            C - +0 cloak
rCorr   .            z - +1 pair of gloves
SInv    +            u - +0 pair of boots
Will    +....        (no amulet) Stlth
                     t - ring of see invisible
HPRegen 1.07/turn    (no ring)
MPRegen 0.13/turn

%: guardian spirit
@: hasted
A: fangs 3, regeneration 1, magic shield, antimagic bite, no potion heal 2
a: Renounce Religion, Bend Time


You were on level 7 of the Dungeon.
You worshipped Cheibriados.
Cheibriados was aware of your devotion.
You visited 2 branches of the dungeon, and saw 8 of its levels.

You collected 250 gold pieces.

Inventory:

Hand Weapons
 b - a +3 dagger of venom
 d - a +0 sling of draining
Missiles
 j - 45 stones (quivered)
 l - 2 throwing nets
 s - 5 boomerangs
Armour
 i - a +0 buckler (worn)
 u - a +0 pair of boots (worn)
 z - a +1 pair of gloves (worn)
 A - a +0 chain mail (worn)
 C - a +0 cloak (worn)
Jewellery
 t - a ring of see invisible (left hand)
Wands
 f - a wand of polymorph (4)
 m - a wand of flame (1)
 r - a wand of charming (1)
 B - a wand of roots (4)
Scrolls
 a - a scroll of enchant weapon
 e - a scroll of vulnerability
 h - 3 scrolls of identify
 k - 4 scrolls of teleportation
 q - 3 scrolls of revelation
 w - a scroll of amnesia
Potions
 c - 5 potions of might
 g - a potion of brilliance
 o - a potion of lignification
 p - 6 potions of curing
 v - a potion of attraction


   Skills:
 - Level 5.2 Fighting
 + Level 4.0 Armour
 + Level 2.8 Dodging
 - Level 4.2 Shields
 * Level 8.0 Unarmed Combat
 - Level 3.1 Invocations


You had 5 spell levels left.
You knew the following spells:

 Your Spells              Type           Power      Damage    Failure   Level
a - Stone Arrow           Conj/Erth      0%         3d7       100%        3

Your spell library contained the following spells:

 Spells                   Type           Power      Damage    Failure   Level
 Magic Dart               Conj           0%         1d3       93%         1
 Sandblast                Erth           0%         2d4       93%         1
 Lesser Beckoning         Tloc           0%         N/A       98%         2
 Passwall                 Tmut/Erth      0%         N/A       98%         2
 Poisonous Vapours        Pois/Air       0%         N/A       98%         2
 Searing Ray              Conj           0%         2d4       98%         2
 Gell's Gravitas          Tloc           0%         N/A       100%        3
 Mephitic Cloud           Conj/Pois/Air  0%         N/A       100%        3
 Teleport Other           Tloc           0%         N/A       100%        3
 Brom's Barrelling Bould  Conj/Erth      0%         2d3       100%        4
 Fulminant Prism          Conj/Hex       0%         3d5       100%        4
 Freezing Cloud           Conj/Ice/Air   0%         6-21      100%        5


Dungeon Overview and Level Annotations

Branches:
Dungeon (7/15)             Temple (1/1) D:4

Altars:
Ashenzari
Cheibriados
Gozag
Hepliaklqana
Kikubaaqudgha
Nemelex Xobeh
Okawaru
Qazlal
Ru
Sif Muna
Trog
Uskayaw
Vehumet
Wu Jian
Xom
Zin
The Shining One

Shops:
D:3 (   D:6 (

Annotations:
D:7 Duvessa


Innate Abilities, Weirdness & Mutations

You have razor-sharp teeth.
Your natural rate of healing is unusually fast.
When hurt, damage is shared between your health and your magic reserves.
Your bite disrupts and absorbs the magic of your enemies.
Potions cannot restore your health.


Message History

You kill Dowan!
Cheibriados appreciates the change of pace.
Duvessa weeps, and shakes her weapon.
Duvessa goes berserk!
Duvessa rages.
Duvessa hits you with a +4 short sword of electrocution! x2
Things that are here:
a +0 dagger; a +0 robe; the elf corpse of Dowan You punch Duvessa!
Duvessa is lightly wounded.
Duvessa closely misses you. You block Duvessa's attack.
You barely miss Duvessa. You bite Duvessa. You drain her power.
You feel invigorated.
Duvessa is moderately wounded.
Duvessa hits you with a +4 short sword of electrocution!
You are electrocuted!
You are too injured to fight recklessly!
You are too injured to fight recklessly!
You are too injured to fight recklessly!
You are too injured to fight recklessly!
You are too injured to fight recklessly!
You are too injured to fight recklessly!
It was a potion of heal wounds.
That seemed strangely inert.
Duvessa hits you with a +4 short sword of electrocution.
You are electrocuted!!
* * * LOW HITPOINT WARNING * * *
You block Duvessa's attack.
Okay, then.
Aiming: Charm
Press: ? - help, Shift-Dir - straight line, f - Duvessa
Aim: Duvessa, wielding a +4 short sword of electrocution and wearing a +0 scale mail (moderately wounded, berserk, chance to affect: 31%)
Okay, then.
It was a potion of haste.
You feel yourself speed up.
Cheibriados forgives your accidental hurry, just this once.
Duvessa hits you with a +4 short sword of electrocution.
* * * LOW HITPOINT WARNING * * *
Duvessa rages.
Duvessa attacks as she pursues you!
Duvessa hits you with a +4 short sword of electrocution!
You die...

#..#......#.#.##.##.#
#...
#.............##.##.#
....#....#.......##.#
............#######.#
.....#..#...........#
..#........##########
..#...##...#######
..#..............#
.....#..#.[.####@#
#...........# #e#
#...#....#..# #.#
#...........# #)#
...#......#.## #.###
............###...##
####..###...........
#####..# #...).......
...##..# ####........


You could see Duvessa (berserk).

Vanquished Creatures
  Pikel (D:5)
  Grinder (D:6)
  Sigmund (D:3)
  3 sky beasts
  An orc warrior (D:5)
  An ogre (D:7)
  A wolf (D:6)
  Dowan (D:7)
  2 howler monkeys (D:7)
  Crazy Yiuf (D:6)
  2 hounds
  2 jellies
  A sleepcap (D:5)
  Ijyb (D:3)
  Terence (D:3)
  3 orc wizards
  An iguana (D:5)
  4 gnolls (D:6)
  3 adders
  3 shadow imps (D:5)
  3 white imps
  2 ufetubi (D:5)
  6 worms
  2 dart slugs
  7 orcs
  8 ball pythons
  8 endoplasms
  3 giant cockroaches
  8 hobgoblins
  5 jackals
  2 quokkas
  A bat (D:2)
  2 frilled lizards
  14 goblins
  6 kobolds
  4 rats
115 creatures vanquished.

Notes
Turn   | Place    | Note
-------+----------+-------------------------------------------
     0 | D:1      | Warped the Vine Stalker Fighter began the quest for the
                  | Orb.
     0 | D:1      | Reached XP level 1. HP: 11/11 MP: 2/2
   218 | D:1      | Reached XP level 2. HP: 15/16 MP: 3/3
   361 | D:1      | Reached skill level 3 in Unarmed Combat
   868 | D:2      | Reached XP level 3. HP: 16/19 MP: 4/4
  1119 | D:2      | Found an ancient bone altar of Kikubaaqudgha.
  1285 | D:3      | Noticed Ijyb
  1295 | D:3      | Killed Ijyb
  1296 | D:3      | Reached skill level 4 in Unarmed Combat
  1296 | D:3      | Reached XP level 4. HP: 24/24 MP: 3/5
  1327 | D:3      | Found a faded altar of an unknown god.
  1327 | D:3      | Noticed a shining eye
  1332 | D:3      | Noticed a golden eye
  1332 | D:3      | Noticed a golden eye
  1332 | D:3      | Noticed a great orb of eyes
  1392 | D:3      | Noticed Sigmund
  1435 | D:3      | Killed Sigmund
  1436 | D:3      | Reached skill level 5 in Unarmed Combat
  1436 | D:3      | Reached XP level 5. HP: 29/29 MP: 4/6
  1436 | D:3      | Reached XP level 6. HP: 33/33 MP: 4/7
  1477 | D:3      | Found a sacrificial altar of Ru.
  1544 | D:3      | Noticed Terence
  1556 | D:3      | Killed Terence
  1713 | D:3      | Found Sasaux's Weapon Shoppe.
  1987 | D:3      | Learned a level 3 spell: Stone Arrow
  2357 | D:4      | Reached skill level 6 in Unarmed Combat
  2418 | D:4      | Found a staircase to the Ecumenical Temple.
  2426 | Temple   | Entered the Ecumenical Temple
  2522 | Temple   | Became a worshipper of Cheibriados the Contemplative
  3056 | D:5      | Entered Level 5 of the Dungeon
  3062 | D:5      | Noticed a sky beast
  3072 | D:5      | Killed a sky beast
  3073 | D:5      | Reached XP level 7. HP: 30/37 MP: 6/8
  3331 | D:4      | Reached skill level 1 in Invocations
  3520 | D:5      | Reached skill level 1 in Dodging
  3615 | D:5      | Noticed Pikel
  3643 | D:5      | Killed Pikel
  3644 | D:5      | Reached skill level 7 in Unarmed Combat
  3644 | D:5      | Gained mutation: You have razor-sharp teeth. [Vine Stalker
                  | growth]
  3644 | D:5      | Reached XP level 8. HP: 42/42 MP: 8/10
  3650 | D:5      | Reached * piety under Cheibriados
  4008 | D:6      | Found Duculir's Antique Weapon Shoppe.
  4147 | D:6      | Noticed Grinder
  4160 | D:6      | Killed Grinder
  4217 | D:6      | Reached skill level 5 in Fighting
  4268 | D:6      | Found a sparkling altar of Nemelex Xobeh.
  4325 | D:6      | Reached XP level 9. HP: 47/47 MP: 12/12
  4349 | D:6      | Found a runed translucent door.
  4350 | D:6      | Noticed Crazy Yiuf
  4629 | D:6      | Killed Crazy Yiuf
  4806 | D:7      | Reached skill level 8 in Unarmed Combat
  4880 | D:7      | Noticed Dowan
  4882 | D:7      | Noticed Duvessa
  4888 | D:7      | Killed Dowan
  4893 | D:7      | HP: 2/47 [Duvessa/+4 short sword of electrocution (3)]
  4896 | D:7      | Mangled by Duvessa

Illustrated notes

Levels and vault maps discovered:
D:1:      matt_arrival_los_fun, layout_loops_ring, nicolae_figureground_sparkle
D:2:      cheibrodos_greedy_goblins, layout_rooms, basic_altar
D:3:      layout_rooms, nicolae_ru_great_annihilating_truth,
          hellmonk_ecumenical_altar_watching_god, serial_shops,
          nicolae_shop_window_shopping, minivault_5, minmay_surrounded,
          uniq_sigmund, uniq_ijyb, uniq_terence
D:4:      layout_loops_corners, minmay_temple_entry_arrows, patterned_corridor
D:5:      cheibrodos_quashed, layout_basic, uniq_pikel
D:6:      layout_gridville, overflow_temple_1_default, serial_shops,
          nicolae_square_shop, kennysheep_nondescript, minmay_statues_item,
          kennysheep_minor_cross, uniq_crazy_yiuf_cottage, uniq_grinder
D:7:      layout_loops_ring, gammafunk_temple_overflow_elements,
          minmay_misc_feat_doors, minmay_misc_feat_more_columns,
          minmay_the_grid_2x2 [minmay_the_grid_spikes, minmay_the_grid_fan,
          minmay_the_grid_tree, minmay_the_grid_prize_four_corners_diamond_b],
          uniq_duvessa
Temple:   regret_index_temple_generic_petals

Skill      XL: |  1  2  3  4  5  6  7  8  9 |
---------------+----------------------------+-----
Unarmed Combat | 3 4 5 6 7 8 |  8.0
Fighting       | 3 4 5 |  5.2
Shields        | 3 4 |  4.2
Invocations    | 2 3 |  3.1
Dodging        | 1 2 |  2.8
Armour         | 3 4 |  4.0

Action                     |  1- 3 |  4- 6 |  7- 9 || total
---------------------------+-------+-------+-------++-------
  Melee: Unarmed           |    27 |       |    15 ||    42
         Bite              |    23 |    38 |    63 ||   124
         Dagger            |    57 |   138 |   171 ||   366
  Throw: Stone             |       |     3 |       ||     3
  Evoke: Wand              |       |     1 |    10 ||    11
    Use: Potion            |       |     5 |     2 ||     7
         Scroll            |       |     2 |    10 ||    12
   Stab: Invisible         |       |     1 |       ||     1
         Paralysed         |       |     1 |       ||     1
 Armour: Scale mail        |    31 |    71 |    24 ||   126
         Skin              |       |    10 |       ||    10
         Chain mail        |       |       |   126 ||   126
  Dodge: Dodged            |    26 |    44 |    87 ||   157
  Block: Buckler           |    11 |    23 |    56 ||    90

Table legend: (Time is in decaauts)
 A = Elapsed time spent in this place.
 B = Non-inter-level travel time spent in this place.
 C = Inter-level travel time spent in this place.
 D = Time resting spent in this place.
 E = Time spent auto-exploring this place.
 F = Levels seen in this place.
 G = Mean time per level.
                   A        B        C        D        E       F      G
               +--------+--------+--------+--------+--------+-----+--------+
         Total |   5573 |   5229 |    344 |     14 |   4088 |   8 |  696.6 |
       Dungeon |   5428 |   5132 |    296 |     14 |   4088 |   7 |  775.4 |
        Temple |    145 |     98 |     47 |      0 |      0 |   1 |  145.0 |
               +--------+--------+--------+--------+--------+-----+--------+

Top non-repeatable levels by time:
     D:4: 1108 daAuts
     D:5: 1073 daAuts
     D:6: 918 daAuts
     D:1: 792 daAuts
     D:3: 760 daAuts
     D:2: 492 daAuts
     D:7: 282 daAuts
  Temple: 145 daAuts
